2275 views
Uploaded 2022-04-17 00:00:54
Game version 1.32.8
157:43 long 3on3 ladder game on (6)RuinsOfStratholme
Saved by Cabeelibob
2275 views
Uploaded 2022-04-17 00:00:54
Game version 1.32.8
157:43 long 3on3 ladder game on (6)RuinsOfStratholme


253 units @ 38.1k
/ 6.5k
173 buildings @ 26.4k
/ 13.6k

| Rod of Necromancy | 1 | 150 |
| Scroll of Town Portal | 1 | 350 |
| total: | 2 | 500g |
| Acolyte | 34 | 2550 | / | 0 |
| Ghoul | 18 | 2160 | / | 0 |
| Obsidian Statue | 4 | 800 | / | 140 |
| Abomination | 7 | 1680 | / | 490 |
| Meat Wagon | 5 | 1150 | / | 250 |
| Frost Wyrm | 20 | 7700 | / | 2400 |
| Crypt Fiend | 4 | 860 | / | 160 |
| Peon | 2 | 150 | / | 0 |
| total: | 94 | 17050g | / | 3440w |
| Nerubian Tower | 1 | 100 | / | 20 |
| Spirit Tower | 14 | 2030 | / | 560 |
| Crypt | 1 | 200 | / | 50 |
| Altar of Darkness | 1 | 180 | / | 50 |
| Ziggurat | 21 | 3150 | / | 1050 |
| Tomb of Relics | 1 | 130 | / | 30 |
| Graveyard | 2 | 430 | / | 0 |
| Necropolis | 4 | 900 | / | 0 |
| Slaughterhouse | 1 | 140 | / | 135 |
| Sacrificial Pit | 1 | 75 | / | 150 |
| Boneyard | 4 | 700 | / | 800 |
| Halls of the Dead | 1 | 320 | / | 210 |
| Black Citadel | 1 | 325 | / | 230 |
| total: | 36 | 5905g | / | 2265w |
| 0:07 | Acolyte |
| 0:07 | Acolyte |
| 0:09 | Crypt |
| 0:12 | Altar of Darkness |
| 0:33 | Ziggurat |
| 0:47 | Acolyte |
| 1:06 | Tomb of Relics |
| 1:20 | Ziggurat |
| 1:27 | Ghoul |
| 1:40 | Nerubian Tower |
| 1:45 | Ghoul |
| 1:45 | Ghoul |
| 2:01 | Ghoul |
| 2:10 | Ghoul |
| 2:23 | Ghoul |
| 2:39 | Rod of Necromancy |
| 2:48 | Ghoul |
| 3:05 | Ghoul |
| 3:05 | Ghoul |
| 3:12 | Death Coil |
| 3:43 | Ghoul |
| 3:43 | Ghoul |
| 3:47 | Halls of the Dead |
| 4:16 | Unholy Aura |
| 4:31 | Graveyard |
| 4:47 | Graveyard |
| 4:51 | Ziggurat |
| 6:06 | Ghoul |
| 6:06 | Ghoul |
| 6:06 | Ghoul |
| 6:06 | Ghoul |
| 6:09 | Unholy Strength |
| 6:09 | Unholy Armor |
| 6:49 | Spirit Tower |
| 7:12 | Spirit Tower |
| 7:45 | Black Citadel |
| 8:00 | Ghoul |
| 8:00 | Ghoul |
| 8:31 | Cannibalize |
| 8:32 | Web |
| 8:35 | Improved Unholy Armor |
| 8:55 | Death Coil |
| 9:06 | Ziggurat |
| 9:10 | Ziggurat |
| 9:13 | Improved Unholy Strength |
| 9:26 | Slaughterhouse |
| 10:36 | Obsidian Statue |
| 10:38 | Obsidian Statue |
| 10:38 | Disease Cloud |
| 10:41 | Abomination |
| 10:41 | Abomination |
| 11:04 | Abomination |
| 11:04 | Abomination |
| 11:18 | Ziggurat |
| 11:47 | Advanced Unholy Armor |
| 12:32 | Advanced Unholy Strength |
| 12:36 | Spirit Tower |
| 13:24 | Abomination |
| 13:28 | Unholy Aura |
| 13:46 | Creature Carapace |
| 15:30 | Abomination |
| 15:31 | Abomination |
| 15:49 | Meat Wagon |
| 15:50 | Meat Wagon |
| 15:50 | Meat Wagon |
| 17:15 | Ziggurat |
| 17:17 | Ziggurat |
| 17:21 | Necropolis |
| 19:29 | Death Coil |
| 20:02 | Sacrificial Pit |
| 20:08 | Acolyte |
| 20:08 | Acolyte |
| 20:19 | Spirit Tower |
| 20:58 | Boneyard |
| 21:03 | Boneyard |
| 21:10 | Boneyard |
| 21:22 | Boneyard |
| 21:24 | Spirit Tower |
| 21:47 | Spirit Tower |
| 22:40 | Frost Wyrm |
| 22:40 | Frost Wyrm |
| 32:25 | Crypt Fiend |
| 32:25 | Crypt Fiend |
| 44:22 | Ziggurat |
| 44:33 | Acolyte |
| 47:30 | Acolyte |
| 47:30 | Acolyte |
| 48:18 | Acolyte |
| 48:56 | Acolyte |
| 49:09 | Acolyte |
| 49:28 | Acolyte |
| 49:57 | Spirit Tower |
| 50:15 | Ziggurat |
| 50:53 | Ziggurat |
| 51:25 | Crypt Fiend |
| 51:54 | Spirit Tower |
| 52:13 | Crypt Fiend |
| 53:19 | Acolyte |
| 53:19 | Acolyte |
| 53:19 | Acolyte |
| 54:15 | Scroll of Town Portal |
| 55:09 | Improved Creature Carapace |
| 55:26 | Spirit Tower |
| 55:46 | Ziggurat |
| 56:27 | Frost Wyrm |
| 57:26 | Frost Wyrm |
| 59:20 | Meat Wagon |
| 59:21 | Meat Wagon |
| 60:05 | Frost Wyrm |
| 60:10 | Creature Attack |
| 60:46 | Necropolis |
| 62:45 | Acolyte |
| 62:45 | Acolyte |
| 62:51 | Animate Dead |
| 63:08 | Frost Wyrm |
| 63:31 | Obsidian Statue |
| 63:32 | Obsidian Statue |
| 64:29 | Frost Wyrm |
| 64:29 | Frost Wyrm |
| 67:09 | Necropolis |
| 68:38 | Ziggurat |
| 68:39 | Ziggurat |
| 70:23 | Frost Wyrm |
| 70:55 | Spirit Tower |
| 71:38 | Frost Wyrm |
| 71:38 | Frost Wyrm |
| 72:02 | Acolyte |
| 72:02 | Acolyte |
| 72:03 | Acolyte |
| 73:40 | Acolyte |
| 74:02 | Acolyte |
| 74:27 | Spirit Tower |
| 75:46 | Ziggurat |
| 75:49 | Necropolis |
| 75:56 | Ziggurat |
| 76:16 | Ziggurat |
| 77:24 | Acolyte |
| 77:24 | Acolyte |
| 78:52 | Acolyte |
| 78:52 | Acolyte |
| 79:09 | Acolyte |
| 79:23 | Acolyte |
| 79:49 | Spirit Tower |
| 79:57 | Ziggurat |
| 80:17 | Ziggurat |
| 80:26 | Ziggurat |
| 80:53 | Spirit Tower |
| 81:15 | Ziggurat |
| 81:32 | Frost Wyrm |
| 81:52 | Spirit Tower |
| 83:01 | Acolyte |
| 83:01 | Acolyte |
| 83:10 | Acolyte |
| 83:10 | Acolyte |
| 83:27 | Acolyte |
| 83:27 | Acolyte |
| 84:03 | Frost Wyrm |
| 85:05 | Frost Wyrm |
| 85:05 | Frost Wyrm |
| 85:51 | Frost Wyrm |
| 86:36 | Frost Wyrm |
| 86:36 | Frost Wyrm |
| 87:21 | Frost Wyrm |
| 87:43 | Ghoul |
| 88:34 | Frost Wyrm |
| 91:17 | Unholy Aura |
| 148:16 | Spiked Barricades |
| 149:18 | Improved Spiked Barricades |
| 149:45 | Peon |
| 152:52 | Peon |
| Right click | 1568 |
| Select | 1148 |
| Build/train/purchase | 177 |
| Misc. action | 70 |
| Use ability | 54 |
| Minimap ping | 50 |
| Resource trade | 14 |
| Remove unit | 11 |
| Item give/drop | 1 |

| Wisp | 38 | 2280 | / | 0 |
| Archer | 15 | 1950 | / | 150 |
| Hippogryph | 12 | 1920 | / | 240 |
| Huntress | 2 | 390 | / | 40 |
| Assassin | 1 | 250 | / | 30 |
| total: | 68 | 6790g | / | 460w |
| Ancient Protector | 12 | 1620 | / | 960 |
| Altar of Elders | 1 | 180 | / | 50 |
| Moon Well | 8 | 1440 | / | 320 |
| Ancient of War | 2 | 300 | / | 120 |
| Tree of Life | 9 | 3060 | / | 1665 |
| Hunter's Hall | 1 | 210 | / | 100 |
| Ancient of Wonders | 1 | 90 | / | 30 |
| Ancient of Wind | 2 | 300 | / | 280 |
| Tree of Ages | 1 | 320 | / | 180 |
| Tree of Eternity | 1 | 330 | / | 200 |
| total: | 36 | 7200g | / | 3525w |
| 0:02 | Wisp |
| 0:02 | Wisp |
| 0:04 | Wisp |
| 0:04 | Wisp |
| 0:18 | Altar of Elders |
| 0:20 | Moon Well |
| 0:26 | Wisp |
| 1:05 | Wisp |
| 1:13 | Wisp |
| 1:14 | Ancient of War |
| 1:32 | Ancient of War |
| 1:37 | Wisp |
| 1:48 | Moon Well |
| 2:15 | Archer |
| 2:19 | Searing Arrows |
| 2:34 | Archer |
| 2:38 | Archer |
| 2:40 | Archer |
| 3:00 | Moon Well |
| 3:12 | Archer |
| 3:21 | Archer |
| 3:56 | Archer |
| 3:59 | Moon Well |
| 4:08 | Trueshot Aura |
| 4:14 | Archer |
| 4:38 | Archer |
| 5:12 | Archer |
| 5:20 | Archer |
| 5:55 | Archer |
| 6:00 | Moon Well |
| 7:03 | Archer |
| 7:03 | Archer |
| 7:05 | Archer |
| 7:24 | Tree of Ages |
| 7:51 | Tree of Life |
| 8:20 | Tree of Life |
| 8:31 | Searing Arrows |
| 9:50 | Wisp |
| 9:50 | Wisp |
| 9:53 | Wisp |
| 9:53 | Wisp |
| 9:54 | Wisp |
| 9:54 | Wisp |
| 10:01 | Wisp |
| 10:01 | Wisp |
| 10:16 | Ancient of Wind |
| 10:27 | Ancient of Wind |
| 10:30 | Wisp |
| 10:30 | Wisp |
| 10:30 | Wisp |
| 10:30 | Wisp |
| 10:31 | Wisp |
| 10:40 | Hunter's Hall |
| 10:43 | Wisp |
| 10:43 | Wisp |
| 10:44 | Wisp |
| 10:49 | Wisp |
| 10:50 | Wisp |
| 10:50 | Wisp |
| 10:50 | Wisp |
| 11:24 | Hippogryph |
| 11:24 | Hippogryph |
| 11:25 | Hippogryph |
| 11:37 | Wisp |
| 11:37 | Wisp |
| 11:37 | Wisp |
| 11:40 | Hippogryph |
| 11:54 | Hippogryph |
| 11:55 | Improved Bows |
| 11:58 | Wisp |
| 12:05 | Reinforced Hides |
| 12:08 | Wisp |
| 12:20 | Assassin |
| 12:27 | Moon Well |
| 12:46 | Hippogryph |
| 12:48 | Strength of the Wild |
| 13:00 | Hippogryph |
| 13:17 | Improved Reinforced Hides |
| 13:19 | Moon Well |
| 13:50 | Hippogryph |
| 14:01 | Huntress |
| 14:16 | Hippogryph |
| 14:40 | Hippogryph |
| 14:42 | Strength of the Moon |
| 15:08 | Huntress |
| 15:10 | Hippogryph |
| 15:37 | Hippogryph |
| 16:11 | Moon Well |
| 16:14 | Moon Armor |
| 17:03 | Improved Strength of the Moon |
| 17:12 | Trueshot Aura |
| 17:23 | Tree of Eternity |
| 17:39 | Ancient Protector |
| 18:37 | Improved Strength of the Wild |
| 19:18 | Ancient Protector |
| 19:20 | Ancient Protector |
| 19:21 | Ancient Protector |
| 19:22 | Ancient Protector |
| 19:24 | Ancient Protector |
| 19:26 | Ancient Protector |
| 19:27 | Ancient Protector |
| 19:29 | Wisp |
| 19:29 | Wisp |
| 19:30 | Wisp |
| 19:30 | Wisp |
| 19:30 | Wisp |
| 19:34 | Ancient Protector |
| 19:35 | Ancient Protector |
| 20:10 | Tree of Life |
| 21:08 | Tree of Life |
| 21:18 | Ancient of Wonders |
| 21:24 | Ancient Protector |
| 21:25 | Ancient Protector |
| 23:31 | Tree of Life |
| 24:40 | Tree of Life |
| 24:58 | Tree of Life |
| 25:17 | Tree of Life |
| 25:26 | Tree of Life |
| Right click | 787 |
| Select group | 556 |
| Select | 445 |
| Misc. action | 170 |
| Build/train/purchase | 121 |
| Use ability | 47 |
| Assign group | 38 |
| Minimap ping | 17 |
| Esc | 16 |
| Resource trade | 7 |
| Item give/drop | 1 |
⇛
소리없는검
(2)
(146:09) : 

| Healing Salve | 2 | 200 |
| Lesser Clarity Potion | 1 | 70 |
| Orb of Lightning | 1 | 375 |
| Potion of Mana | 1 | 200 |
| Tiny Great Hall | 1 | 600 |
| Scroll of Town Portal | 5 | 1750 |
| total: | 11 | 3195g |
| Peon | 21 | 1575 | / | 0 |
| Grunt | 5 | 1000 | / | 0 |
| Troll Headhunter | 5 | 700 | / | 100 |
| Kodo Beast | 4 | 1020 | / | 240 |
| Spirit Walker | 10 | 1950 | / | 350 |
| Troll Berserker | 13 | 1820 | / | 260 |
| Tauren | 8 | 2240 | / | 640 |
| Troll Batrider | 25 | 4000 | / | 1000 |
| total: | 91 | 14305g | / | 2590w |
| Watch Tower | 76 | 8360 | / | 6080 |
| Altar of Storms | 1 | 180 | / | 50 |
| Orc Burrow | 10 | 1600 | / | 400 |
| Barracks | 1 | 180 | / | 50 |
| War Mill | 2 | 410 | / | 0 |
| Voodoo Lounge | 3 | 390 | / | 90 |
| Great Hall | 4 | 1540 | / | 740 |
| Tauren Totem | 1 | 135 | / | 155 |
| Beastiary | 1 | 145 | / | 140 |
| Stronghold | 2 | 630 | / | 380 |
| Fortress | 2 | 650 | / | 380 |
| Altar of Elders | 1 | 180 | / | 50 |
| Moon Well | 1 | 180 | / | 40 |
| total: | 101 | 13300g | / | 7795w |
| 0:02 | Peon |
| 0:02 | Peon |
| 0:07 | Altar of Storms |
| 0:19 | Orc Burrow |
| 0:21 | Peon |
| 0:38 | Barracks |
| 0:44 | Peon |
| 0:44 | Peon |
| 0:59 | Peon |
| 1:19 | War Mill |
| 1:23 | Peon |
| 1:42 | Grunt |
| 1:42 | Grunt |
| 1:49 | Peon |
| 1:49 | Peon |
| 2:06 | Orc Burrow |
| 2:17 | War Stomp |
| 2:51 | Voodoo Lounge |
| 2:54 | Voodoo Lounge |
| 3:01 | Stronghold |
| 3:08 | Grunt |
| 3:08 | Grunt |
| 3:41 | Grunt |
| 3:51 | Endurance Aura |
| 4:01 | Healing Salve |
| 4:19 | Orc Burrow |
| 5:08 | Healing Salve |
| 5:08 | Lesser Clarity Potion |
| 5:22 | Reinforced Defenses |
| 5:33 | Tauren Totem |
| 5:55 | Berserker Strength |
| 6:12 | Beastiary |
| 6:43 | Fortress |
| 7:00 | Troll Headhunter |
| 7:02 | Troll Headhunter |
| 7:04 | Spirit Walker Adept Training |
| 7:04 | Spirit Walker Master Training |
| 7:45 | Kodo Beast |
| 7:48 | Orc Burrow |
| 8:03 | Spirit Walker |
| 8:05 | Troll Headhunter |
| 8:34 | Steel Armor |
| 8:34 | Steel Ranged Weapons |
| 8:37 | Troll Headhunter |
| 8:45 | Hex |
| 9:02 | Watch Tower |
| 9:45 | Peon |
| 9:49 | Endurance Aura |
| 9:58 | Orc Burrow |
| 10:04 | Orc Burrow |
| 10:19 | Berserker Upgrade |
| 10:41 | Troll Headhunter |
| 11:01 | Healing Wave |
| 11:03 | Troll Berserker |
| 11:07 | War Drums Damage Increase |
| 11:39 | Troll Berserker |
| 11:43 | Kodo Beast |
| 12:24 | Spirit Walker |
| 12:24 | Spirit Walker |
| 12:55 | Troll Berserker |
| 13:23 | Healing Wave |
| 13:35 | War Stomp |
| 13:54 | Orc Burrow |
| 14:11 | Troll Berserker |
| 15:13 | Thorium Armor |
| 15:14 | Thorium Ranged Weapons |
| 16:43 | Troll Berserker |
| 17:02 | Arcanite Armor |
| 19:31 | Scroll of Town Portal |
| 19:39 | Orb of Lightning |
| 20:17 | Watch Tower |
| 20:29 | Watch Tower |
| 20:34 | Watch Tower |
| 20:39 | Watch Tower |
| 20:48 | Watch Tower |
| 20:55 | Watch Tower |
| 21:11 | Watch Tower |
| 21:24 | Watch Tower |
| 21:53 | Watch Tower |
| 22:02 | Watch Tower |
| 23:45 | Potion of Mana |
| 23:46 | Tiny Great Hall |
| 24:31 | Watch Tower |
| 24:32 | Watch Tower |
| 24:34 | Watch Tower |
| 24:36 | Watch Tower |
| 25:20 | Hex |
| 25:20 | Hex |
| 25:53 | Endurance Aura |
| 26:10 | Watch Tower |
| 27:47 | Watch Tower |
| 27:56 | Endurance Aura |
| 27:59 | Orc Burrow |
| 28:28 | Watch Tower |
| 29:13 | Watch Tower |
| 31:20 | Arcanite Ranged Weapons |
| 35:17 | Great Hall |
| 37:15 | Watch Tower |
| 37:59 | Watch Tower |
| 38:18 | Watch Tower |
| 38:25 | Watch Tower |
| 39:02 | Scroll of Town Portal |
| 39:55 | Pulverize |
| 39:56 | Tauren |
| 39:56 | Tauren |
| 40:29 | Tauren |
| 40:45 | Watch Tower |
| 41:14 | Watch Tower |
| 41:15 | Watch Tower |
| 42:22 | Healing Wave |
| 42:23 | Peon |
| 42:30 | Scroll of Town Portal |
| 42:53 | Watch Tower |
| 43:19 | Peon |
| 43:19 | Peon |
| 43:19 | Peon |
| 44:20 | Peon |
| 44:20 | Peon |
| 45:02 | Peon |
| 45:08 | Trueshot Aura |
| 45:12 | Watch Tower |
| 45:31 | Watch Tower |
| 46:00 | Watch Tower |
| 46:20 | Watch Tower |
| 46:45 | Watch Tower |
| 47:05 | Spirit Walker |
| 47:28 | Watch Tower |
| 47:57 | Scroll of Town Portal |
| 48:34 | Watch Tower |
| 48:47 | Spirit Walker |
| 48:49 | Steel Melee Weapons |
| 48:49 | Thorium Melee Weapons |
| 49:47 | Great Hall |
| 49:57 | Watch Tower |
| 50:25 | Watch Tower |
| 50:39 | Troll Berserker |
| 51:42 | Watch Tower |
| 51:54 | Watch Tower |
| 52:15 | Watch Tower |
| 52:38 | Watch Tower |
| 52:58 | Orc Burrow |
| 53:28 | Watch Tower |
| 53:44 | Watch Tower |
| 53:48 | Watch Tower |
| 54:16 | Watch Tower |
| 55:07 | Watch Tower |
| 55:10 | Watch Tower |
| 56:01 | Watch Tower |
| 56:06 | Watch Tower |
| 56:25 | Watch Tower |
| 58:01 | Tauren |
| 58:04 | Watch Tower |
| 58:10 | Watch Tower |
| 58:25 | Arcanite Melee Weapons |
| 58:38 | Troll Batrider |
| 58:39 | Troll Batrider |
| 58:45 | Troll Batrider |
| 58:45 | Troll Batrider |
| 59:08 | Watch Tower |
| 59:40 | Watch Tower |
| 59:55 | Troll Batrider |
| 59:58 | Watch Tower |
| 61:03 | Tauren |
| 61:54 | Reincarnation |
| 62:35 | Spirit Walker |
| 62:35 | Spirit Walker |
| 63:08 | Watch Tower |
| 63:09 | Watch Tower |
| 63:16 | Kodo Beast |
| 63:16 | Kodo Beast |
| 65:02 | Tauren |
| 65:03 | Troll Berserker |
| 65:04 | Troll Berserker |
| 65:08 | Great Hall |
| 65:40 | Spirit Walker |
| 65:53 | Troll Berserker |
| 65:53 | Troll Berserker |
| 67:31 | Big Bad Voodoo |
| 68:10 | Starfall |
| 69:34 | Orc Burrow |
| 69:44 | Spirit Walker |
| 69:45 | Troll Berserker |
| 71:08 | Watch Tower |
| 71:26 | Troll Berserker |
| 71:28 | Spirit Walker |
| 72:30 | Troll Batrider |
| 72:30 | Troll Batrider |
| 72:41 | Troll Batrider |
| 74:50 | Watch Tower |
| 75:19 | Watch Tower |
| 76:01 | Troll Batrider |
| 76:11 | Watch Tower |
| 76:58 | War Stomp |
| 77:24 | Watch Tower |
| 77:26 | Watch Tower |
| 77:32 | Watch Tower |
| 78:15 | Watch Tower |
| 78:30 | Watch Tower |
| 79:24 | Voodoo Lounge |
| 79:30 | War Mill |
| 79:43 | Troll Batrider |
| 79:43 | Troll Batrider |
| 80:16 | Watch Tower |
| 80:29 | Watch Tower |
| 81:10 | Scroll of Town Portal |
| 81:40 | Watch Tower |
| 81:42 | Watch Tower |
| 81:45 | Watch Tower |
| 82:39 | Troll Batrider |
| 83:21 | Great Hall |
| 83:31 | Troll Batrider |
| 83:49 | Watch Tower |
| 84:56 | Watch Tower |
| 86:09 | Watch Tower |
| 86:29 | Watch Tower |
| 86:37 | Watch Tower |
| 87:15 | Troll Batrider |
| 87:16 | Troll Batrider |
| 87:43 | Watch Tower |
| 87:53 | Troll Batrider |
| 87:54 | Troll Batrider |
| 87:54 | Troll Batrider |
| 88:59 | Troll Berserker |
| 89:38 | Troll Batrider |
| 90:05 | Troll Batrider |
| 90:19 | Tauren |
| 90:19 | Tauren |
| 98:42 | Peon |
| 98:43 | Peon |
| 100:20 | Altar of Elders |
| 101:35 | Moon Well |
| 114:21 | Hex |
| 114:23 | Scout |
| 117:42 | Troll Batrider |
| 117:42 | Troll Batrider |
| 117:42 | Troll Batrider |
| 125:19 | Shockwave |
| 125:45 | Peon |
| 125:59 | Peon |
| 135:48 | Troll Batrider |
| 135:49 | Troll Batrider |
| Select group | 25985 |
| Right click | 9607 |
| Select | 4413 |
| Misc. action | 1523 |
| Build/train/purchase | 445 |
| Use ability | 252 |
| Assign group | 63 |
| Minimap ping | 62 |
| Resource trade | 54 |
| Item give/drop | 30 |
| Esc | 2 |
138 units @ 13.3k
/ 2.1k
247 buildings @ 20.5k
/ 9.6k
Cabeelibob
(194)
(157:40) : 
| Lesser Clarity Potion | 6 | 420 |
| Orb of Lightning | 1 | 375 |
| Tiny Great Hall | 1 | 600 |
| Staff of Teleportation | 1 | 150 |
| Boots of Speed | 1 | 250 |
| Periapt of Vitality | 1 | 325 |
| Scroll of Regeneration | 1 | 100 |
| Orb of Fire | 3 | 975 |
| Mechanical Critter | 1 | 50 |
| total: | 16 | 3245g |
| Peon | 30 | 2250 | / | 0 |
| Troll Witch Doctor | 3 | 435 | / | 75 |
| total: | 33 | 2685g | / | 75w |
| Watch Tower | 17 | 1870 | / | 1360 |
| Altar of Storms | 2 | 360 | / | 100 |
| Orc Burrow | 6 | 960 | / | 240 |
| War Mill | 4 | 820 | / | 0 |
| Voodoo Lounge | 1 | 130 | / | 30 |
| Great Hall | 8 | 3080 | / | 1480 |
| Spirit Lodge | 1 | 150 | / | 150 |
| Stronghold | 1 | 315 | / | 190 |
| Fortress | 1 | 325 | / | 190 |
| total: | 39 | 7370g | / | 3360w |
| 0:07 | Peon |
| 0:07 | Peon |
| 0:16 | Altar of Storms |
| 0:19 | Peon |
| 0:42 | Peon |
| 0:51 | Orc Burrow |
| 0:58 | War Mill |
| 1:04 | War Mill |
| 1:06 | Peon |
| 1:14 | Voodoo Lounge |
| 1:15 | Peon |
| 1:48 | Orc Burrow |
| 1:51 | Peon |
| 2:05 | Peon |
| 2:19 | Peon |
| 2:19 | Peon |
| 2:27 | Orc Burrow |
| 3:00 | Watch Tower |
| 3:01 | Watch Tower |
| 3:09 | Peon |
| 3:10 | Peon |
| 3:10 | Peon |
| 3:20 | Wind Walk |
| 3:33 | Watch Tower |
| 4:09 | Bash |
| 4:11 | Bash |
| 4:36 | Stronghold |
| 4:38 | Spiked Barricades |
| 4:50 | Staff of Teleportation |
| 4:51 | Boots of Speed |
| 4:51 | Periapt of Vitality |
| 5:08 | Watch Tower |
| 6:14 | Watch Tower |
| 6:18 | Watch Tower |
| 6:19 | Watch Tower |
| 7:16 | Watch Tower |
| 7:16 | Watch Tower |
| 7:17 | Watch Tower |
| 7:37 | Watch Tower |
| 7:38 | Watch Tower |
| 7:47 | Fortress |
| 8:07 | Lesser Clarity Potion |
| 8:28 | Altar of Storms |
| 8:33 | Orc Burrow |
| 8:44 | Spirit Lodge |
| 8:50 | Orc Burrow |
| 9:07 | Watch Tower |
| 9:07 | Watch Tower |
| 10:10 | Witch Doctor Adept Training |
| 10:51 | Critical Strike |
| 11:03 | Improved Spiked Barricades |
| 11:05 | Reinforced Defenses |
| 11:11 | Witch Doctor Master Training |
| 11:39 | Peon |
| 11:39 | Peon |
| 11:39 | Peon |
| 11:39 | Peon |
| 12:02 | Orb of Lightning |
| 12:17 | Tiny Great Hall |
| 13:27 | Troll Witch Doctor |
| 13:27 | Troll Witch Doctor |
| 13:27 | Troll Witch Doctor |
| 14:35 | Lesser Clarity Potion |
| 17:31 | War Mill |
| 18:24 | Critical Strike |
| 20:29 | Great Hall |
| 22:56 | Great Hall |
| 24:52 | Wind Walk |
| 27:23 | Peon |
| 27:36 | Orc Burrow |
| 28:32 | Great Hall |
| 29:31 | Watch Tower |
| 29:31 | Watch Tower |
| 29:32 | Watch Tower |
| 31:30 | Peon |
| 31:30 | Peon |
| 31:30 | Peon |
| 31:31 | Peon |
| 41:06 | Great Hall |
| 44:34 | War Mill |
| 44:45 | Wind Walk |
| 47:38 | Great Hall |
| 50:16 | Peon |
| 50:16 | Peon |
| 50:56 | Peon |
| 50:56 | Peon |
| 53:46 | Great Hall |
| 53:50 | Great Hall |
| 55:57 | Great Hall |
| 57:46 | Peon |
| 57:46 | Peon |
| 57:46 | Peon |
| 57:47 | Peon |
| 63:17 | Scroll of Regeneration |
| 63:19 | Lesser Clarity Potion |
| 63:22 | Orb of Fire |
| 64:51 | Mechanical Critter |
| 75:26 | Bladestorm |
| 78:09 | Orb of Fire |
| 80:53 | Orb of Fire |
| 81:04 | Lesser Clarity Potion |
| 83:52 | Lesser Clarity Potion |
| 88:35 | Lesser Clarity Potion |
| 96:42 | Critical Strike |
| 139:08 | Mirror Image |
| Right click | 5451 |
| Select | 587 |
| Select group | 412 |
| Misc. action | 344 |
| Build/train/purchase | 232 |
| Chat | 89 |
| Use ability | 39 |
| Resource trade | 29 |
| Minimap ping | 25 |
| Item give/drop | 15 |
| Remove unit | 4 |
| Assign group | 1 |
| Peasant | 24 | 1800 | / | 0 |
| total: | 24 | 1800g | / | 0w |
| Scout Tower | 70 | 2100 | / | 1400 |
| Arcane Tower | 1 | 70 | / | 50 |
| Guard Tower | 21 | 1470 | / | 1050 |
| Altar of Kings | 5 | 900 | / | 250 |
| Farm | 13 | 1040 | / | 260 |
| Lumber Mill | 4 | 480 | / | 0 |
| Town Hall | 6 | 2310 | / | 1230 |
| Keep | 4 | 1280 | / | 840 |
| total: | 98 | 6830g | / | 3140w |
| 0:07 | Altar of Kings |
| 0:08 | Peasant |
| 0:08 | Peasant |
| 0:08 | Peasant |
| 0:08 | Peasant |
| 0:28 | Farm |
| 0:29 | Farm |
| 0:31 | Farm |
| 0:42 | Scout Tower |
| 1:13 | Peasant |
| 1:14 | Peasant |
| 1:14 | Peasant |
| 1:14 | Peasant |
| 1:15 | Peasant |
| 1:24 | Lumber Mill |
| 1:43 | Arcane Tower |
| 1:49 | Peasant |
| 2:09 | Peasant |
| 2:09 | Peasant |
| 2:37 | Scout Tower |
| 2:37 | Scout Tower |
| 2:38 | Scout Tower |
| 2:39 | Scout Tower |
| 2:40 | Scout Tower |
| 2:41 | Scout Tower |
| 2:48 | Improved Masonry |
| 2:53 | Peasant |
| 2:53 | Peasant |
| 2:54 | Peasant |
| 3:25 | Guard Tower |
| 3:37 | Scout Tower |
| 3:42 | Scout Tower |
| 3:44 | Scout Tower |
| 3:52 | Scout Tower |
| 3:53 | Scout Tower |
| 4:05 | Guard Tower |
| 4:21 | Keep |
| 4:36 | Scout Tower |
| 4:40 | Scout Tower |
| 4:41 | Scout Tower |
| 4:42 | Scout Tower |
| 4:43 | Scout Tower |
| 4:44 | Scout Tower |
| 4:51 | Guard Tower |
| 5:13 | Scout Tower |
| 5:13 | Scout Tower |
| 5:15 | Scout Tower |
| 5:16 | Scout Tower |
| 5:17 | Scout Tower |
| 5:21 | Scout Tower |
| 5:23 | Scout Tower |
| 5:23 | Scout Tower |
| 5:31 | Scout Tower |
| 5:33 | Scout Tower |
| 5:36 | Guard Tower |
| 6:14 | Guard Tower |
| 6:15 | Guard Tower |
| 6:16 | Guard Tower |
| 7:04 | Guard Tower |
| 7:22 | Scout Tower |
| 7:23 | Scout Tower |
| 8:08 | Town Hall |
| 10:06 | Lumber Mill |
| 11:15 | Guard Tower |
| 11:29 | Farm |
| 11:30 | Farm |
| 11:53 | Scout Tower |
| 11:54 | Scout Tower |
| 11:55 | Scout Tower |
| 11:55 | Scout Tower |
| 12:34 | Peasant |
| 12:35 | Peasant |
| 12:35 | Peasant |
| 13:36 | Altar of Kings |
| 13:41 | Scout Tower |
| 13:54 | Guard Tower |
| 14:15 | Keep |
| 15:02 | Guard Tower |
| 15:14 | Town Hall |
| 16:20 | Lumber Mill |
| 16:47 | Altar of Kings |
| 16:49 | Farm |
| 16:50 | Farm |
| 16:51 | Farm |
| 16:54 | Farm |
| 17:04 | Scout Tower |
| 17:05 | Scout Tower |
| 17:05 | Scout Tower |
| 17:05 | Scout Tower |
| 17:06 | Scout Tower |
| 17:06 | Scout Tower |
| 18:09 | Guard Tower |
| 20:07 | Scout Tower |
| 20:07 | Scout Tower |
| 20:08 | Scout Tower |
| 20:09 | Scout Tower |
| 21:09 | Guard Tower |
| 21:41 | Guard Tower |
| 23:16 | Guard Tower |
| 23:52 | Peasant |
| 23:52 | Peasant |
| 23:53 | Peasant |
| 23:53 | Peasant |
| 23:53 | Peasant |
| 23:53 | Peasant |
| 25:08 | Keep |
| 36:21 | Town Hall |
| 36:36 | Town Hall |
| 36:39 | Scout Tower |
| 36:40 | Scout Tower |
| 36:50 | Town Hall |
| 37:16 | Lumber Mill |
| 37:47 | Scout Tower |
| 37:47 | Scout Tower |
| 37:48 | Scout Tower |
| 37:49 | Scout Tower |
| 38:03 | Guard Tower |
| 38:26 | Scout Tower |
| 38:27 | Scout Tower |
| 38:27 | Scout Tower |
| 38:28 | Scout Tower |
| 38:29 | Scout Tower |
| 38:29 | Scout Tower |
| 38:36 | Scout Tower |
| 39:00 | Guard Tower |
| 39:06 | Scout Tower |
| 39:06 | Scout Tower |
| 39:07 | Scout Tower |
| 39:08 | Scout Tower |
| 39:09 | Scout Tower |
| 39:09 | Scout Tower |
| 39:10 | Scout Tower |
| 39:11 | Scout Tower |
| 39:13 | Guard Tower |
| 39:19 | Altar of Kings |
| 39:53 | Guard Tower |
| 40:58 | Guard Tower |
| 41:23 | Scout Tower |
| 41:24 | Scout Tower |
| 41:28 | Scout Tower |
| 41:31 | Scout Tower |
| 42:43 | Guard Tower |
| 45:13 | Keep |
| 46:42 | Town Hall |
| 48:11 | Farm |
| 48:13 | Farm |
| 50:59 | Advanced Masonry |
| 51:02 | Improved Lumber Harvesting |
| 111:03 | Altar of Kings |
| 112:27 | Farm |
| 113:51 | Farm |
| Right click | 5059 |
| Select group | 4269 |
| Select | 620 |
| Use ability | 242 |
| Minimap ping | 84 |
| Build/train/purchase | 77 |
| Assign group | 41 |
| Resource trade | 9 |
| Misc. action | 6 |
| Remove unit | 2 |
DudeWhy
(236)
(157:40) : 

| Scroll of Regeneration | 1 | 100 |
| Orb of Fire | 1 | 325 |
| Staff of Sanctuary | 1 | 250 |
| Boots of Speed | 4 | 1000 |
| Staff of Teleportation | 2 | 300 |
| Healing Salve | 1 | 100 |
| total: | 10 | 2075g |
| Peasant | 22 | 1650 | / | 0 |
| Mortar Team | 6 | 1080 | / | 420 |
| Flying Machine | 45 | 4500 | / | 1350 |
| Dragonhawk Rider | 8 | 1600 | / | 240 |
| total: | 81 | 8830g | / | 2010w |
| Scout Tower | 74 | 2220 | / | 1480 |
| Arcane Tower | 1 | 70 | / | 50 |
| Guard Tower | 24 | 1680 | / | 1200 |
| Altar of Kings | 3 | 540 | / | 150 |
| Farm | 20 | 1600 | / | 400 |
| Town Hall | 1 | 385 | / | 205 |
| Lumber Mill | 3 | 360 | / | 0 |
| Blacksmith | 1 | 140 | / | 60 |
| Arcane Vault | 3 | 390 | / | 90 |
| Workshop | 3 | 420 | / | 420 |
| Gryphon Aviary | 1 | 140 | / | 150 |
| Arcane Sanctum | 1 | 150 | / | 140 |
| Keep | 1 | 320 | / | 210 |
| Castle | 1 | 360 | / | 210 |
| total: | 110 | 6345g | / | 3095w |
| 0:06 | Peasant |
| 0:06 | Peasant |
| 0:12 | Altar of Kings |
| 0:16 | Farm |
| 0:19 | Peasant |
| 0:23 | Peasant |
| 0:33 | Peasant |
| 0:45 | Farm |
| 0:47 | Peasant |
| 0:59 | Peasant |
| 1:08 | Peasant |
| 1:16 | Scout Tower |
| 1:17 | Peasant |
| 1:25 | Peasant |
| 1:40 | Peasant |
| 1:44 | Arcane Tower |
| 1:52 | Peasant |
| 2:06 | Peasant |
| 2:18 | Storm Bolt |
| 2:26 | Storm Bolt |
| 2:28 | Peasant |
| 3:09 | Town Hall |
| 3:18 | Scout Tower |
| 3:18 | Scout Tower |
| 3:19 | Scout Tower |
| 3:30 | Peasant |
| 3:30 | Peasant |
| 3:30 | Peasant |
| 3:48 | Peasant |
| 3:48 | Peasant |
| 3:57 | Scout Tower |
| 3:58 | Scout Tower |
| 3:59 | Scout Tower |
| 4:04 | Lumber Mill |
| 4:13 | Farm |
| 4:38 | Peasant |
| 5:20 | Keep |
| 5:23 | Guard Tower |
| 5:26 | Healing Salve |
| 5:33 | Guard Tower |
| 5:36 | Guard Tower |
| 5:56 | Guard Tower |
| 6:41 | Peasant |
| 6:41 | Peasant |
| 7:25 | Blacksmith |
| 7:51 | Improved Lumber Harvesting |
| 7:51 | Improved Masonry |
| 8:06 | Castle |
| 8:24 | Workshop |
| 8:27 | Workshop |
| 8:46 | Black Gunpowder |
| 9:31 | Workshop |
| 9:39 | Flak Cannons |
| 9:56 | Holy Light |
| 10:10 | Refined Gunpowder |
| 10:44 | Fragmentation Shards |
| 10:44 | Flying Machine Bombs |
| 10:49 | Advanced Lumber Harvesting |
| 10:50 | Advanced Masonry |
| 10:59 | Flare |
| 11:18 | Farm |
| 11:20 | Farm |
| 11:21 | Farm |
| 11:23 | Farm |
| 11:38 | Mortar Team |
| 11:43 | Imbued Gunpowder |
| 12:04 | Mortar Team |
| 12:06 | Iron Plating |
| 12:23 | Farm |
| 12:24 | Farm |
| 12:27 | Scout Tower |
| 12:27 | Scout Tower |
| 12:28 | Scout Tower |
| 12:28 | Scout Tower |
| 12:32 | Scout Tower |
| 12:32 | Scout Tower |
| 13:27 | Guard Tower |
| 13:29 | Scout Tower |
| 13:32 | Farm |
| 13:33 | Farm |
| 13:39 | Flying Machine |
| 13:39 | Flying Machine |
| 13:39 | Flying Machine |
| 13:39 | Flying Machine |
| 13:50 | Storm Bolt |
| 14:08 | Flying Machine |
| 14:09 | Flying Machine |
| 14:09 | Flying Machine |
| 14:09 | Flying Machine |
| 14:10 | Flying Machine |
| 14:21 | Guard Tower |
| 14:42 | Flying Machine |
| 14:59 | Flying Machine |
| 14:59 | Flying Machine |
| 15:39 | Flying Machine |
| 15:39 | Flying Machine |
| 15:44 | Gryphon Aviary |
| 15:48 | Guard Tower |
| 16:17 | Scout Tower |
| 16:18 | Scout Tower |
| 16:19 | Scout Tower |
| 16:21 | Scout Tower |
| 16:25 | Flying Machine |
| 16:25 | Flying Machine |
| 16:33 | Farm |
| 16:34 | Farm |
| 16:50 | Farm |
| 17:44 | Guard Tower |
| 20:51 | Storm Bolt |
| 20:52 | Divine Shield |
| 21:00 | Scout Tower |
| 21:01 | Scout Tower |
| 21:02 | Scout Tower |
| 21:02 | Scout Tower |
| 21:05 | Scout Tower |
| 21:06 | Scout Tower |
| 21:06 | Scout Tower |
| 21:06 | Scout Tower |
| 21:07 | Scout Tower |
| 21:13 | Lumber Mill |
| 21:48 | Scout Tower |
| 21:49 | Scout Tower |
| 21:50 | Scout Tower |
| 22:08 | Guard Tower |
| 22:14 | Arcane Vault |
| 22:21 | Scout Tower |
| 22:21 | Scout Tower |
| 22:21 | Scout Tower |
| 22:23 | Guard Tower |
| 22:28 | Scout Tower |
| 22:28 | Scout Tower |
| 22:29 | Scout Tower |
| 22:52 | Scout Tower |
| 22:55 | Guard Tower |
| 23:29 | Guard Tower |
| 23:54 | Guard Tower |
| 24:51 | Cloud |
| 24:59 | Farm |
| 25:00 | Farm |
| 25:00 | Farm |
| 25:01 | Farm |
| 25:01 | Farm |
| 26:07 | Bash |
| 26:08 | Bash |
| 26:09 | Holy Light |
| 26:21 | Farm |
| 26:30 | Dragonhawk Rider |
| 26:32 | Dragonhawk Rider |
| 26:36 | Imbued Masonry |
| 26:56 | Arcane Sanctum |
| 27:05 | Steel Plating |
| 28:21 | Mithril Plating |
| 28:30 | Magic Sentry |
| 29:10 | Scout Tower |
| 29:10 | Scout Tower |
| 29:12 | Scout Tower |
| 29:20 | Scout Tower |
| 29:21 | Scout Tower |
| 29:22 | Scout Tower |
| 29:23 | Scout Tower |
| 29:26 | Scout Tower |
| 29:27 | Scout Tower |
| 30:23 | Guard Tower |
| 36:00 | Divine Shield |
| 39:38 | Scout Tower |
| 39:43 | Scout Tower |
| 41:03 | Guard Tower |
| 43:16 | Flying Machine |
| 43:16 | Flying Machine |
| 43:16 | Flying Machine |
| 43:17 | Flying Machine |
| 43:17 | Flying Machine |
| 43:17 | Flying Machine |
| 43:17 | Flying Machine |
| 43:17 | Flying Machine |
| 43:32 | Scout Tower |
| 43:33 | Scout Tower |
| 43:33 | Scout Tower |
| 44:32 | Guard Tower |
| 44:46 | Lumber Mill |
| 44:54 | Flying Machine |
| 44:54 | Flying Machine |
| 44:54 | Flying Machine |
| 47:56 | Dragonhawk Rider |
| 50:25 | Holy Light |
| 51:28 | Dragonhawk Rider |
| 52:01 | Scout Tower |
| 52:02 | Scout Tower |
| 52:03 | Scout Tower |
| 52:03 | Scout Tower |
| 52:04 | Scout Tower |
| 52:35 | Scout Tower |
| 52:35 | Scout Tower |
| 52:37 | Scout Tower |
| 52:40 | Guard Tower |
| 52:42 | Guard Tower |
| 52:47 | Scout Tower |
| 52:54 | Scout Tower |
| 52:55 | Scout Tower |
| 52:59 | Scout Tower |
| 53:15 | Guard Tower |
| 53:20 | Scout Tower |
| 53:22 | Scout Tower |
| 53:23 | Guard Tower |
| 53:25 | Scout Tower |
| 53:26 | Scout Tower |
| 53:27 | Scout Tower |
| 53:27 | Scout Tower |
| 53:55 | Dragonhawk Rider |
| 53:59 | Guard Tower |
| 54:01 | Guard Tower |
| 54:08 | Scout Tower |
| 54:08 | Scout Tower |
| 54:25 | Scout Tower |
| 54:26 | Scout Tower |
| 54:26 | Scout Tower |
| 54:39 | Dragonhawk Rider |
| 55:00 | Guard Tower |
| 55:01 | Guard Tower |
| 58:35 | Storm Bolt |
| 58:50 | Storm Bolt |
| 62:58 | Altar of Kings |
| 63:06 | Flying Machine |
| 63:06 | Flying Machine |
| 63:15 | Flying Machine |
| 63:16 | Flying Machine |
| 63:16 | Flying Machine |
| 63:16 | Flying Machine |
| 63:16 | Flying Machine |
| 63:16 | Flying Machine |
| 63:16 | Flying Machine |
| 63:18 | Dragonhawk Rider |
| 63:18 | Dragonhawk Rider |
| 64:37 | Flying Machine |
| 64:37 | Flying Machine |
| 65:35 | Mortar Team |
| 65:37 | Mortar Team |
| 65:40 | Mortar Team |
| 69:30 | Arcane Vault |
| 70:38 | Divine Shield |
| 70:57 | Scroll of Regeneration |
| 76:17 | Arcane Vault |
| 91:29 | Flying Machine |
| 91:29 | Flying Machine |
| 91:29 | Flying Machine |
| 91:30 | Flying Machine |
| 91:30 | Flying Machine |
| 91:30 | Flying Machine |
| 91:30 | Flying Machine |
| 91:34 | Holy Light |
| 91:45 | Holy Light |
| 92:47 | Orb of Fire |
| 92:48 | Staff of Sanctuary |
| 101:56 | Boots of Speed |
| 102:00 | Boots of Speed |
| 102:05 | Staff of Teleportation |
| 103:17 | Staff of Teleportation |
| 103:23 | Boots of Speed |
| 103:26 | Boots of Speed |
| 104:49 | Avatar |
| 110:30 | Divine Shield |
| 118:35 | Altar of Kings |
| 138:45 | Avatar |
| 147:05 | Holy Light |
| 147:08 | Resurrection |
| 147:10 | Bash |
| 147:12 | Bash |
| 151:33 | Mortar Team |
| Right click | 5237 |
| Select group | 2261 |
| Select | 986 |
| Use ability | 311 |
| Build/train/purchase | 240 |
| Misc. action | 67 |
| Minimap ping | 66 |
| Resource trade | 56 |
| Assign group | 17 |
| Esc | 14 |
| Item give/drop | 7 |
| Remove unit | 2 |